[Event "*** Titled Tuesday Blitz"]
[Site "Chess.com"]
[Date "2021.03.02"]
[Round "6"]
[White "Gloomy_Wanderer"]
[Black "NikolaN98"]
[Result "1-0"]
[WhiteElo "2696"]
[BlackElo "2516"]
[TimeControl "180+1"]
[EndTime "11:08:08 PST"]
[Termination "Gloomy_Wanderer won by checkmate"]

1. Nf3 f5 2. d3 d6 3. e4 e5 4. Nc3 c5 5. g3 Be7 6. h4 Nc6 7.
Bh3 fxe4 8. Bxc8 Qxc8 9. dxe4 Nd4 10. Nd5 Nf6 11. Nxf6+ Bxf6 12. c3 Nxf3+ 13. Qxf3 O-O 14.
Qd3 Qc6 15. c4 Be7 16. Be3 Rf3 17. Ke2 Raf8 18. Qd5+ Kh8 19. Qxc6 bxc6 20. Bf4 R3xf4 21. gxf4 Rxf4 22. f3 Bxh4 23. a3 Bd8 24. b4 Bb6 25. Rad1 Rf6 26. Rd3 cxb4 27. axb4 g5 28. Rhd1 Bd4 29.
b5 cxb5 30. cxb5 h5 31. Kf1 Kg7 32. Kg2 Rf7 33. Rc1 g4 34. Rc6 Bc5 35. Rc8 Rf4 36. Rc7+ Kg6 37. Rc8 gxf3+ 38. Rxf3 Rxe4 39. Rg8+ Kh7 40. Rgf8 Rg4+ 41. Kh3 e4 42. R3f7+ Rg7 43. Rf5 Kh6 44.
Rh8+ Rh7 45. Re8 Rg7 46. Rxe4 Rg6 47. Re8 Rg7 48. Rh8+ Kg6 49. Rhxh5 Rb7 50. Rhg5+ Kh6 51. Rg8 Kh7 52. Rg4 Kh6 53. Rf8 Kh7 54. Rf1 Kh6 55.
Kg3 Rxb5 56. Rh1# 1-0

[Event "*** Titled Tuesday Blitz"]
[Site "Chess.com"]
[Date "2021.03.02"]
[Round "6"]
[White "ChainsOfFantasia"]
[Black "DFeco"]
[Result "1-0"]
[WhiteElo "2448"]
[BlackElo "2256"]
[TimeControl "180+1"]
[EndTime "11:08:09 PST"]
[Termination "ChainsOfFantasia won by resignation"]

1. d4 d5 2. Nf3 Nf6 3. c4 c6 4. Nc3 a6 5. c5 Bf5 6. Bf4 Nbd7 7.
e3 e6 8. Bd3 Bxd3 9. Qxd3 Be7 10. O-O O-O 11. b4 Re8 12. h3 Qc8 13. a4 Bd8 14. Rfb1 Bc7 15. Bxc7 Qxc7 16. b5 axb5 17.
axb5 e5 18. b6 Qb8 19. Nxe5 Nxe5 20. dxe5 Rxa1 21. Rxa1 Qxe5 22. Ra7 Rb8 23. Qd4 Qe7 24. Qf4 Rc8 25. Qd4 h6 26. g3 Rb8 27. Kg2 Nd7 28.
Na4 Kf8 29. Qf4 Qe5 30. Qxe5 Nxe5 31. f4 Nd7 32. Kf3 Ke7 33. e4 dxe4+ 34. Kxe4 Kf6 35. Kd4 Ke6 36. Nc3 f5 37. Kc4 Nf6 38. Ne2 g6 39.
Nd4+ Kd7 40. Nf3 Ke6 41. Ne5 g5 42. Nd3 Ne4 43. fxg5 hxg5 44. h4 Nxg3 45. hxg5 Ne4 46. g6 Kf6 47. Nf4 Ng5 48. Kd4 Ne6+ 49. Nxe6 Kxe6 50.
g7 Kf7 51. Ke5 Kxg7 52. Kd6 Kf6 53. Kc7 Re8 54. Kxb7 f4 55. Kxc6 f3 56. Ra1 Ke5 57. Re1+ Kd4 58. Rxe8 f2 59. Rf8 1-0

[Event "*** Titled Tuesday Blitz"]
[Site "Chess.com"]
[Date "2021.03.02"]
[Round "6"]
[White "BvsN"]
[Black "MuhittinBuker"]
[Result "0-1"]
[WhiteElo "2294"]
[BlackElo "2129"]
[TimeControl "180+1"]
[EndTime "11:08:10 PST"]
[Termination "MuhittinBuker won on time"]

1. c4 Nf6 2. Nc3 e6 3. e4 e5 4. Nf3 c5 5. Be2 d6 6. d3 Nc6 7. O-O Be7 8. Nd5 O-O 9. a3 Be6 10. Rb1 Bxd5 11. cxd5 Nd4 12. Nxd4 cxd4 13. f4 Nd7 14.
Qe1 Rc8 15. Bd2 Bf6 16. Rc1 Qb6 17. fxe5 Bxe5 18. Rxc8 Rxc8 19. Bg4 Rd8 20. Ba5 Nf6 21. Bxb6 axb6 22. Bf5 g6 23. Bh3 Kg7 24. Qb4 Re8 25.
Qxb6 Re7 26. Bc8 Nh5 27. g3 Nf6 28. Bxb7 Ng4 29. Bc6 Ne3 30. Rc1 f5 31. Qd8 Rf7 32. Be8 Rf6 33. Rc7+ Kh6 34. Rc1 fxe4 35. dxe4 d3 36. Qb6 Rf3 37. Bb5 d2 38. Ra1 Bxb2 39. Rb1 Bxa3 40. Be2 Bc5 41. Qxc5 dxc5 42. Bxf3 c4 43. Kf2 c3 44. Kxe3 c2 45. Rd1 c1=Q 46. Rxd2 Qc3+ 47. Rd3 Qc5+ 48. Ke2 Qc2+ 49. Ke3 Qc5+ 50.
Ke2 Qd6 51. Ke3 Kg5 52. Rc3 Qb6+ 53. Kd3 Qb5+ 54. Kd4 Qb4+ 55. Kd3 Kf6 56. Rc4 Qb1+ 57. Kd4 Qg1+ 58. Kd3 Ke5 59. Be2 Qb1+ 60. Ke3 Qb3+ 0-1

[Event "*** Titled Tuesday Blitz"]
[Site "Chess.com"]
[Date "2021.03.02"]
[Round "6"]
[White "redblizzard"]
[Black "BJthechessgod"]
[Result "1/2-1/2"]
[WhiteElo "2437"]
[BlackElo "2251"]
[TimeControl "180+1"]
[EndTime "11:08:11 PST"]
[Termination "Game drawn by repetition"]

1. d4 Nf6 2. Nc3 e6 3. e4 d5 4. Bg5 Bb4 5. e5 h6 6. Bd2 Bxc3 7. bxc3 Ne4 8. Qg4 Kf8 9. Bd3 Nxd2 10. Kxd2 Qg5+ 11. Qxg5 hxg5 12. Nf3 g4 13. Ne1 f5 14. exf6 gxf6 15. Be2 e5 16. Nd3 Nc6 17. f3 gxf3 18. gxf3 exd4 19. Nf4 dxc3+ 20. Kxc3 d4+ 21. Kd2 Ne5 22.
h4 Bf5 23. Rag1 c5 24. h5 Rh6 25. Rh4 c4 26. Nd5 c3+ 27. Kc1 Rd8 28. Nf4 d3 29.
cxd3 Rd6 30. d4 Nc6 31. d5 Nb4 32. Bc4 b5 33. Bb3 Ra6 34. Ne6+ Bxe6 35. dxe6 Rd6 36. Rg8+ Ke7 37. Re4 Rh7 38. h6 Nd3+ 39. Kc2 Ne5 40. Kxc3 Rd3+ 41. Kc2 Rxf3 42. Rg7+ Rxg7 43. hxg7 Rg3 44.
Rd4 Rxg7 45. Rh4 f5 46. Kc3 Kf6 47. Rh5 Rc7+ 48. Kb4 a6 49. Ka5 Rc6 50. Rh6+ Ke7 51. Rh8 Ng6 52. Rh7+ Kd6 53. Rd7+ Kc5 54. e7 Nxe7 55. Rxe7 f4 56. Rf7 Rd6 57. Rxf4 Rd2 58. Rf1 Rb2 59. Rc1+ Kd6 60. Kxa6 b4 61. Kb5 Rf2 62.
Kxb4 Rf4+ 63. Rc4 Rf5 64. Rc3 Rf4+ 65. Rc4 Rf5 66. Kc3 Rf3+ 67. Kb4 Rf5 1/2-1/2

[Event "*** Titled Tuesday Blitz"]
[Site "Chess.com"]
[Date "2021.03.02"]
[Round "6"]
[White "Chopper1905"]
[Black "NikolaGry"]
[Result "1-0"]
[WhiteElo "2939"]
[BlackElo "2608"]
[TimeControl "180+1"]
[EndTime "11:08:13 PST"]
[Termination "Chopper1905 won by resignation"]

1. d4 d5 2. c4 Nc6 3. Nc3 e6 4. Nf3 Bb4 5. Qb3 Nf6 6. Bg5 dxc4 7. Qxc4 O-O 8. e3 Qd5 9. Bxf6 Qxc4 10. Bxc4 gxf6 11.
Rc1 a6 12. a3 Bd6 13. Ne4 f5 14.
Nxd6 cxd6 15. d5 Ne7 16. Bb3 Nxd5 17. Bxd5 exd5 18. Nd4 Be6 19. Kd2 Rfc8 20. Ne2 Kf8 21. Rxc8+ Rxc8 22. Rc1 Rxc1 23. Kxc1 Ke7 24. Kd2 Kf6 25.
Kd3 Ke5 26. f4+ Kf6 27. Kd4 Ke7 28. b4 Kd7 29. a4 Kc6 30. Kc3 Kd7 31. Nd4 Kc7 32.
a5 b6 33. Kd2 Kb7 34. Ke2 Kc7 35. Kf3 bxa5 36. bxa5 Kd7 37. Kg3 Ke7 38. Kh4 Kf6 39. Kh5 Kg7 40. Nc6 h6 41. Nb4 Bc8 42. Nxd5 Bb7 43. Nc7 Bc8 44. Ne8+ Kf8 45. Nxd6 Be6 46.
Kxh6 Ke7 47. Nb7 Bd5 48. Nc5 Bxg2 49. Nxa6 Kd6 50. h4 Bb7 51. Nb4 Kc5 52. a6 Ba8 53. Nd3+ Kb6 54. Ne5 f6 55. Nd7+ Kxa6 56. Nxf6 Kb5 57. h5 Kc4 58. Kg5 1-0

[Event "*** Titled Tuesday Blitz"]
[Site "Chess.com"]
[Date "2021.03.02"]
[Round "6"]
[White "KNCP_719"]
[Black "mbachez"]
[Result "0-1"]
[WhiteElo "2582"]
[BlackElo "2478"]
[TimeControl "180+1"]
[EndTime "11:08:13 PST"]
[Termination "mbachez won on time"]

1. e4 e6 2. c4 d5 3. cxd5 exd5 4.
exd5 Nf6 5. Nc3 Nxd5 6. Nf3 Be7 7.
d4 c6 8. Bd3 Bg4 9. O-O O-O 10.
Re1 Bf6 11. Ne4 Bxf3 12. Qxf3 Bxd4 13. Qh3 g6 14. Bh6 Bg7 15. Bg5 f6 16. Bd2 Qd7 17.
Qg3 Na6 18. Bxa6 bxa6 19. Nc5 Qf7 20. Nxa6 f5 21. Rab1 Rae8 22. b3 f4 23. Qf3 Qf5 24. Bb4 Rxe1+ 25. Rxe1 Rd8 26. h4 Qc8 27. Qe2 Kh8 28. Bc5 f3 29. gxf3 Nf4 30. Qc4 Qf5 31. Be3 Nd3 32. Rd1 Rd5 33. Nb4 Nxb4 34. Rxd5 Nxd5 35.
Qxc6 Nxe3 36. Qe8+ Qf8 37. Qxe3 Bf6 38. Qxa7 Bxh4 39.
Qd4+ Bf6 40. Qc4 Qe7 41. Kg2 Kg7 42. a4 Be5 43. Qe4 Qg5+ 44. Kf1 Qf4 45. Qb7+ Kh6 46. a5 Bd4 47. a6 Qd2 48. Kg2 Qxf2+ 49. Kh3 Be5 50.
f4 Qxf4 0-1

[Event "*** Titled Tuesday Blitz"]
[Site "Chess.com"]
[Date "2021.03.02"]
[Round "6"]
[White "A-S-00"]
[Black "kikydu96"]
[Result "0-1"]
[WhiteElo "2400"]
[BlackElo "2574"]
[TimeControl "180+1"]
[EndTime "11:08:13 PST"]
[Termination "kikydu96 won by resignation"]

1. d4 Nf6 2. c4 g6 3. Nc3 Bg7 4. e4 d6 5. Nf3 O-O 6. Be2 e5 7. dxe5 dxe5 8. Qxd8 Rxd8 9. Bg5 Re8 10. O-O-O c6 11. Nxe5 Rxe5 12. Rd8+ Re8 13. Bxf6 Rxd8 14.
Bxd8 Na6 15. Bg5 Be6 16. Rd1 Re8 17. Be3 b6 18. Rd6 Bxc3 19. bxc3 c5 20. f3 Nb8 21. Bf4 Rc8 22. a4 Nc6 23. Kc2 Na5 24. Be5 Bxc4 25. Bd1 Bb3+ 26. Kc1 Nc4 27. Bxb3 Nxe5 28. f4 c4 29. Bc2 Ng4 30. Rd7 Ne3 31. Rxa7 Nxg2 32. f5 g5 33. f6 g4 34. e5 Nf4 35. Bf5 Re8 36. Kc2 h5 37. Rb7 Nd5 38. Be4 Nxf6 39.
Bc6 Rxe5 40. Rxb6 h4 41. a5 Rxa5 42. Rb8+ Kg7 43. Bg2 Ra2+ 44. Rb2 Rxb2+ 45. Kxb2 Nd7 46. Bd5 Ne5 47. Be4 Kh6 48. Kc2 Kg5 49. Kd2 Kf4 50.
Bd5 f5 51. Bc6 g3 52. hxg3+ hxg3 53. Bd5 Kg4 54. Ke2 f4 55. Be4 f3+ 56. Kf1 Kf4 57. Bd5 Ke3 0-1

[Event "*** Titled Tuesday Blitz"]
[Site "Chess.com"]
[Date "2021.03.02"]
[Round "6"]
[White "KeithArkell"]
[Black "ram1zan"]
[Result "1-0"]
[WhiteElo "2625"]
[BlackElo "2934"]
[TimeControl "180+1"]
[EndTime "11:08:14 PST"]
[Termination "KeithArkell won on time"]

1. d4 d5 2. Nf3 Nf6 3. c4 e6 4. cxd5 exd5 5. Nc3 c6 6. Qc2 Bd6 7. Bg5 O-O 8. e3 h6 9. Bh4 a5 10. Bd3 Na6 11. a3 Nc7 12. O-O Bg4 13. Ne5 Bc8 14. Bh7+ Kh8 15. Bf5 Bxf5 16. Qxf5 Be7 17. Rfe1 Kg8 18.
Rac1 Re8 19. h3 Qc8 20. Qxc8 Raxc8 21. Bxf6 Bxf6 22. Nd3 Be7 23. b4 axb4 24. axb4 b5 25. e4 dxe4 26. Nxe4 Nd5 27. Nec5 Bf6 28. Rxe8+ Rxe8 29.
Nd7 Bxd4 30. Rxc6 Nc3 31. Rd6 Ra8 32. g3 Ra2 33. Kg2 Bxf2 34. Kf3 Bxg3 35. Rc6 Ne2 36. Rc8+ Kh7 37. Nf8+ Kg8 38. Nd7+ Kh7 39. Re8 Nd4+ 40. Kxg3 Ra3 41. Nf8+ Kg8 42. Ne6+ Kh7 43. Nxd4 Rxd3+ 44. Nf3 Rb3 45. Re4 f5 46. Rd4 g5 47. Kg2 Kg6 48.
Ne5+ Kh5 49. Nc6 f4 50. Rd6 Rb2+ 51. Kf3 Rb3+ 52. Kg2 Rb2+ 53. Kf3 Rb1 54. Nd4 1-0

[Event "*** Titled Tuesday Blitz"]
[Site "Chess.com"]
[Date "2021.03.02"]
[Round "6"]
[White "federicosellitti"]
[Black "krzyzan94"]
[Result "0-1"]
[WhiteElo "2534"]
[BlackElo "2720"]
[TimeControl "180+1"]
[EndTime "11:08:16 PST"]
[Termination "krzyzan94 won by resignation"]

1. e4 d6 2. Nc3 g6 3. g3 Bg7 4. Bg2 c5 5. d3 Nc6 6. Be3 Rb8 7.
Qd2 b5 8. h3 b4 9. Nd1 e6 10.
Ne2 Nd4 11. Nc1 h5 12. c3 bxc3 13. bxc3 Nc6 14. O-O e5 15. f4 Nge7 16. Ne2 exf4 17. Nxf4 O-O 18. Nxh5 gxh5 19. Bh6 Ng6 20. Bxg7 Kxg7 21. Ne3 Nce7 22. Nf5+ Nxf5 23. exf5 Bb7 24. f6+ Kh7 25. Rf5 Re8 26. Rxh5+ Kg8 27. Qh6 Qxf6 28.
Rf1 Qg7 29. Qg5 Bxg2 30. Kxg2 Rb2+ 31. Kg1 Rbe2 32. Qg4 Re1 33. Rf5 Rxf1+ 34. Rxf1 Qxc3 35. h4 Qd4+ 36. Qxd4 cxd4 37. h5 Ne5 38. Rf4 Rc8 39. Kg2 Rc2+ 40. Kh3 Nc6 41. Rf6 Rd2 42. Rxd6 Ne5 43.
Rxd4 Rxa2 44. Rd5 Nc6 45. g4 a5 46. g5 Ne7 47. Rd7 Nf5 48. Kg4 Ne3+ 49. Kf4 Ng2+ 50.
Kg3 a4 51. Ra7 a3 52. d4 Ne3 53. Kf3 Nd5 54. Ke4 Nb4 55. Rb7 Re2+ 56. Kf3 Rb2 57. g6 fxg6 58. h6 a2 59. Ra7 Rb3+ 60. Kg4 Rb1 61. Ra8+ Kh7 0-1

[Event "*** Titled Tuesday Blitz"]
[Site "Chess.com"]
[Date "2021.03.02"]
[Round "6"]
[White "Gusarov91"]
[Black "RobertoJBM"]
[Result "0-1"]
[WhiteElo "2524"]
[BlackElo "2718"]
[TimeControl "180+1"]
[EndTime "11:08:17 PST"]
[Termination "RobertoJBM won by resignation"]

1. d4 d5 2. Nf3 Nf6 3. c4 c6 4. Nc3 dxc4 5. a4 Bf5 6. e3 e6 7. Bxc4 Bb4 8. O-O O-O 9. Qe2 Nbd7 10. e4 Bg6 11. e5 Nd5 12. Bd2 a5 13. Nxd5 Bxd2 14. Qxd2 cxd5 15. Bb5 Nb8 16. Rfc1 Qb6 17. Rc3 Nc6 18. Bxc6 bxc6 19. Rac1 Rfc8 20. Nh4 Rab8 21. Nxg6 hxg6 22. b3 Qb4 23. h3 c5 24. dxc5 Rxc5 25. Qd3 Rxc3 26. Rxc3 Qf4 27. Qe3 Qxe3 28. fxe3 Rb4 29.
Kf2 g5 30. Ke2 f6 31. exf6 gxf6 32. Kd3 Kf7 33. Kc2 Rb6 34. Rc5 Ra6 35. Kc3 Ke7 36. Kd4 Kd6 37. Rb5 e5+ 38. Kd3 f5 39. g3 Ke6 40.
Kd2 Kd6 41. h4 gxh4 42. gxh4 f4 43. exf4 exf4 44. Ke2 Ke5 45. Kf3 Rg6 46. h5 Rg3+ 47. Kf2 Rh3 48. h6 Ke4 49. h7 Rxh7 50. Rxa5 Rh2+ 51.
Kg1 Rb2 52. Rb5 d4 53. Rb8 d3 54. Rd8 Rxb3 55. Kf2 Rb2+ 56. Ke1 Ra2 57. Re8+ Kf3 58. Rd8 Ra1+ 59. Kd2 Rxa4 60. Rxd3+ Kf2 61. Rh3 Re4 62. Rh2+ Kg3 63. Rh8 f3 64. Rg8+ Kf2 65. Rh8 Kf1 66. Kd3 Re7 67. Kd2 f2 68. Rg8 Re5 69. Kd1 Rd5+ 70.
Kc2 Ke2 71. Re8+ Kf3 72. Rf8+ Ke3 73. Kc1 Rd4 74. Re8+ Re4 75. Rf8 Rf4 76. Re8+ Kf3 0-1

[Event "*** Titled Tuesday Blitz"]
[Site "Chess.com"]
[Date "2021.03.02"]
[Round "6"]
[White "AtabayevSaparmyrat"]
[Black "Konavets"]
[Result "0-1"]
[WhiteElo "2730"]
[BlackElo "2938"]
[TimeControl "180+1"]
[EndTime "11:08:18 PST"]
[Termination "Konavets won by resignation"]

1. e4 g6 2. d4 c6 3. Nc3 d5 4.
Nf3 Bg4 5. Be3 Bg7 6. h3 Bxf3 7. Qxf3 e6 8. O-O-O Nf6 9. g4 Nxe4 10. Nxe4 dxe4 11.
Qxe4 Qd5 12. Qxd5 cxd5 13. c4 dxc4 14. d5 exd5 15. Rxd5 O-O 16. Bxc4 Rc8 17. b3 a6 18.
Rhd1 Nc6 19. Kb1 b5 20. Be2 Nb4 21. Rc5 Bf8 22. Rxc8 Rxc8 23. Rc1 Re8 24. Bf3 Nd3 25. Rc7 Rd8 26. Bg5 Rd4 27. Be3 Rd6 28. Rc6 Kg7 29. Rxd6 Bxd6 30. Bb7 Nc5 31. Bc8 a5 32. Kc2 Kf6 33.
Bd4+ Kg5 34. Be3+ Kh4 35. g5 Ne6 36. Bd7 b4 37. Kd3 Be7 38. f4 Kxh3 39. Ke4 Kg3 40. Bxe6 fxe6 41. Ke5 Kf3 42. Bc1 Bd8 43. Kxe6 Ke4 44. Kf7 Bc7 45. Kg7 Bxf4 46. Bxf4 Kxf4 47. Kxh7 Kxg5 48. Kg7 Kf5 49. Kf7 g5 50. Ke7 g4 51.
Kd6 g3 52. Kc5 g2 53. Kb5 g1=Q 54. Kxa5 Qc5+ 55. Ka4 Ke5 56. a3 Qb6 0-1

[Event "*** Titled Tuesday Blitz"]
[Site "Chess.com"]
[Date "2021.03.02"]
[Round "6"]
[White "sbouchet"]
[Black "Pintacara"]
[Result "1-0"]
[WhiteElo "2352"]
[BlackElo "2465"]
[TimeControl "180+1"]
[EndTime "11:08:18 PST"]
[Termination "sbouchet won on time"]

1. e4 c5 2. c3 Nf6 3. e5 Nd5 4. d4 e6 5. Nf3 Nc6 6. Be2 d6 7. O-O dxe5 8. dxe5 Qc7 9. Re1 Bd7 10. Na3 a6 11.
Nc4 b5 12. Ne3 Nxe3 13. Bxe3 Nxe5 14. Bf4 Nxf3+ 15. Bxf3 Qxf4 16. Bxa8 Qb8 17. Qf3 Bd6 18. g3 O-O 19. Bc6 Bc8 20. Rad1 Qc7 21. Rd2 Be7 22.
h4 Rd8 23. Rxd8+ Qxd8 24. Rd1 Qc7 25. h5 h6 26. Be4 Bd7 27. Bc2 Bc6 28. Be4 Be8 29.
Qd3 c4 30. Qd2 Bc5 31. Kg2 Be7 32. Bf3 a5 33. Qd4 b4 34. Qe4 Bf6 35. Qe3 bxc3 36. bxc3 a4 37. Rb1 Kf8 38. Rb7 Qa5 39. Qa7 Qxa7 40. Rxa7 Bxc3 41. Rc7 Bb5 42. Bc6 Bxc6+ 43. Rxc6 a3 44. Rxc4 Bb2 45. Rc7 Ke8 46. Rb7 Kf8 47. g4 Kg8 48. Kf3 g6 49. Ke4 Kg7 50. f4 gxh5 51.
gxh5 Kf6 52. Rb5 Kg7 53. f5 Kf6 54. fxe6 fxe6 55. Rb7 Kg5 56. Rb5+ e5 57. Rb6 Kxh5 58. Kf5 Bc1 59. Rc6 Bf4 60. Rc3 Kh4 61. Rxa3 h5 62.
Rd3 1-0

[Event "*** Titled Tuesday Blitz"]
[Site "Chess.com"]
[Date "2021.03.02"]
[Round "6"]
[White "Julianos82"]
[Black "bilelou"]
[Result "1/2-1/2"]
[WhiteElo "2356"]
[BlackElo "2520"]
[TimeControl "180+1"]
[EndTime "11:08:20 PST"]
[Termination "Game drawn by agreement"]

1. d4 Nf6 2. Nf3 e6 3. Bg5 Be7 4. e3 O-O 5. Nbd2 b6 6. Bd3 Bb7 7. O-O d5 8. Ne5 Nbd7 9. f4 Ne4 10. Bxe7 Qxe7 11. c3 Nxe5 12. fxe5 Nxd2 13. Qxd2 a5 14. Rf3 f5 15. exf6 Rxf6 16. Raf1 Raf8 17. Qe2 h6 18. e4 Rxf3 19. Rxf3 Rxf3 20. Qxf3 Qf6 21. e5 Qg5 22. h3 Bc6 23. Kh2 Be8 24. Qg4 Qxg4 25. hxg4 Kf7 26. Kg3 Ke7 27. Kf4 g5+ 28.
Ke3 c5 29. g3 c4 30. Bc2 b5 31.
Kd2 Bf7 32. a4 b4 33. b3 cxb3 34. Bxb3 bxc3+ 35. Kxc3 Bg6 36. Bc2 Be8 37. Kd3 Kd7 38.
Ke3 Kc7 39. Kd2 Kb6 40. Kc3 Bd7 41. Kb3 Bc8 42. Bg6 Kc7 43. Kc3 Bd7 44. Bc2 Kd8 45.
Kd3 Bc8 46. Ke3 Ba6 47. Bd3 Bb7 48. Bc2 Kc7 49. Bd3 Bc6 50. Bc2 Bd7 51. Kd2 Be8 52.
Ke3 h5 53. Kf3 Kd8 54. gxh5 Bxh5+ 55. g4 Be8 56. Ke3 Kc7 57. Kf3 Bc6 58. Kg3 Bb7 59.
Kf3 Ba6 60. Kg3 Be2 61. Kh3 Kb6 62. Kg3 Bc4 63. Kh3 Ba6 64. Kg3 Bc8 65. Kh3 Bd7 66.
Kg3 Bc8 67. Kh3 1/2-1/2

[Event "*** Titled Tuesday Blitz"]
[Site "Chess.com"]
[Date "2021.03.02"]
[Round "6"]
[White "CrazyMartian"]
[Black "VFernandezB"]
[Result "0-1"]
[WhiteElo "2289"]
[BlackElo "2491"]
[TimeControl "180+1"]
[EndTime "11:08:23 PST"]
[Termination "VFernandezB won by resignation"]

1. d4 Nf6 2. c4 g6 3. Nc3 d5 4. cxd5 Nxd5 5. e4 Nxc3 6. bxc3 Bg7 7. Be3 c5 8. Rc1 Qa5 9. Qd2 cxd4 10. cxd4 Qxd2+ 11. Bxd2 O-O 12. Nf3 Rd8 13. Be3 Nc6 14. d5 Ne5 15.
Nxe5 Bxe5 16. Bc4 Bd7 17. f4 Bb2 18. Rc2 Ba3 19. Bb3 Bb4+ 20. Kf2 a5 21. Bb6 Rdc8 22. Rhc1 Rxc2+ 23. Rxc2 a4 24. Bc4 Rc8 25. Bd3 Rxc2+ 26. Bxc2 e6 27. Ke3 Kf8 28. g3 Ke7 29. Kd4 exd5 30. Kxd5 Be6+ 31. Kd4 a3 32. Bc5+ Bxc5+ 33. Kxc5 Bxa2 34. Kb4 Bc4 35. Kxa3 Kd6 36. Kb4 Be2 37.
Bb3 f6 38. h4 Bf3 39. Bc2 h6 40. Kc4 Be2+ 41. Kb4 b5 42. Bb3 g5 43. hxg5 hxg5 44. Bc2 Bc4 45. Bb1 Ke7 46. Bc2 Kd6 47. Bb1 Be2 48. Bc2 Ke7 49. Bb1 Kf7 50. Bc2 Kg7 51.
e5 fxe5 52. fxe5 Kf7 53. Bb3+ Ke7 54. Bd5 Bd3 55. Bc6 Ke6 56. Bxb5 Bxb5 57. Kxb5 Kxe5 58.
Kc4 Ke4 59. g4 Kf4 60. Kd3 Kxg4 61. Ke2 Kg3 62. Kf1 Kh2 63. Kf2 g4 64. Ke3 g3 65.
Kf4 g2 66. Kf5 g1=Q 67. Ke6 Qe3+ 68. Kd5 Qf4 69. Kc6 Kg3 70. Kd5 Kf3 0-1

[Event "*** Titled Tuesday Blitz"]
[Site "Chess.com"]
[Date "2021.03.02"]
[Round "6"]
[White "horripile"]
[Black "Eltaj_Safarli"]
[Result "1-0"]
[WhiteElo "2711"]
[BlackElo "2900"]
[TimeControl "180+1"]
[EndTime "11:08:24 PST"]
[Termination "horripile won by resignation"]

1. Nf3 Nf6 2. g3 g6 3. Bg2 Bg7 4. O-O O-O 5. d4 d5 6. c4 dxc4 7. Na3 a5 8. Nxc4 Be6 9. Nce5 a4 10. Bd2 Bd5 11. e3 Nbd7 12. Nxd7 Qxd7 13. Bb4 Rfe8 14. Qe2 Ne4 15. Rfc1 c6 16. Ne1 Qe6 17. Nd3 Nf6 18.
Nc5 Qc8 19. e4 Be6 20. Qc2 Bh3 21. Bh1 e5 22. Nxa4 Rxa4 23. Qxa4 exd4 24. Re1 c5 25. e5 Ng4 26. Bxc5 b5 27. Qxb5 Rxe5 28. Rxe5 Bxe5 29. Qc6 Qd8 30. Qa8 Qxa8 31. Bxa8 d3 32. Rd1 Bxb2 33. Rxd3 Ne5 34. Rb3 Bc1 35. Rb8+ Kg7 36.
Bd4 f6 37. Bxe5 fxe5 38. a4 Bd2 39. Bc6 Bf5 40. Rb5 e4 41. a5 e3 42. fxe3 Bxe3+ 43. Kg2 Kf6 44. a6 h5 45. Rb7 Bc8 46. Rb3 Bd4 47. Bb7 Be6 48. Rd3 Bc5 49. Ra3 Ba7 50.
Rd3 g5 51. Rd8 g4 52. Ra8 Bb6 53. a7 Bf7 54. Bc6 Bc5 55. Kf1 Bc4+ 56. Ke1 Bf7 57. Kd2 Bg1 58. Kd3 Bg6+ 59. Kc4 Bf7+ 60. Bd5 Bxd5+ 61. Kxd5 Kg7 62. Rb8 Bxa7 63. Rb7+ Kg6 64. Rxa7 h4 65. Ke4 hxg3 66. hxg3 Kg5 1-0

[Event "*** Titled Tuesday Blitz"]
[Site "Chess.com"]
[Date "2021.03.02"]
[Round "6"]
[White "Mr_Sinigami"]
[Black "tomsishere"]
[Result "1-0"]
[WhiteElo "2625"]
[BlackElo "2493"]
[TimeControl "180+1"]
[EndTime "11:08:25 PST"]
[Termination "Mr_Sinigami won by resignation"]

1. d4 b6 2. Bf4 Bb7 3. e3 Nf6 4. Nf3 e6 5. h3 Be7 6. Be2 O-O 7. O-O d6 8. a4 a6 9. Na3 Nbd7 10. c4 Re8 11. a5 Bf8 12. b4 e5 13. Bh2 Ne4 14. Nb1 f5 15. Qc2 g6 16. Nbd2 Bg7 17.
d5 Nxd2 18. Nxd2 e4 19. Rab1 bxa5 20. bxa5 Nc5 21. Nb3 Nxb3 22. Rxb3 Bc8 23. c5 Be5 24. Bxe5 Rxe5 25. cxd6 cxd6 26. Qc6 Ra7 27. Rc1 Re8 28. Rb8 Bd7 29. Rxd8 Bxc6 30. Rxd6 Bb5 31. Bxb5 axb5 32. a6 Rea8 33. Rcc6 b4 34. Rb6 b3 35. Kh2 b2 36.
Rxb2 Rxa6 37. Rd7 R6a7 38. Rd6 Ra6 39. Rc6 Rxc6 40. dxc6 Rc8 41. Rc2 Rc7 42. g4 Kf7 43.
gxf5 gxf5 44. Kg3 Ke6 45. Kf4 Kf6 46. Rc5 Ke6 47. h4 h5 48. Rxf5 Rxc6 49. Rxh5 Rc2 50. Re5+ Kf6 51. Rf5+ Kg6 52. Kxe4 Rc4+ 53. Kd5 Rxh4 54. e4 Rh3 55. f4 Ra3 56. Rg5+ Kf6 57. e5+ Kf7 58. Ke4 Ke6 59. Rg6+ Kf7 60. Kf5 Ra1 61.
e6+ Ke8 62. Kf6 Rg1 63. Rxg1 Kd8 64. Rg8+ 1-0

[Event "*** Titled Tuesday Blitz"]
[Site "Chess.com"]
[Date "2021.03.02"]
[Round "6"]
[White "Vamostodorecto"]
[Black "digilik"]
[Result "0-1"]
[WhiteElo "2410"]
[BlackElo "2257"]
[TimeControl "180+1"]
[EndTime "11:08:25 PST"]
[Termination "digilik won on time"]

1. d4 Nf6 2. c4 g6 3. Nc3 Bg7 4. e4 d6 5. Be2 O-O 6. Nf3 Bg4 7.
O-O Nfd7 8. Be3 c5 9. d5 Na6 10. Qd2 Nc7 11. Bh6 Re8 12. Bxg7 Kxg7 13. h3 Bxf3 14.
Bxf3 e6 15. dxe6 Rxe6 16. Bg4 Re8 17. Qxd6 Ne5 18. Qxd8 Raxd8 19. Be2 Ne6 20. Rfe1 Nd4 21. Rac1 Nxe2+ 22. Rxe2 Nxc4 23. Nd5 Rxd5 24. Rxc4 Rd1+ 25. Kh2 b6 26. f3 Re7 27. b4 cxb4 28. Rxb4 Rc7 29.
e5 Kf8 30. Rbe4 Ke7 31. e6 f6 32. Rh4 h5 33. g4 Rd5 34. gxh5 Rxh5 35. Rd4 Re5 36.
Rg2 g5 37. f4 Rf5 38. fxg5 Rxg5 39. Rf2 Kxe6 40. h4 Ra5 41. Kh3 Ra3+ 42. Kg4 Ra5 43. Re4+ Re5 44. Ref4 Rg7+ 45. Kh3 f5 46. Rc2 Re3+ 47.
Kh2 Ke5 48. Rcf2 Rf7 49. h5 Re4 50. Rxe4+ Kxe4 51. Kg3 f4+ 52. Kh4 Ke3 53. Rb2 f3 54. h6 f2 55. Rb3+ Kd4 56. Rb1 f1=Q 57. Rxf1 Rxf1 58.
Kg5 Rh1 0-1

[Event "*** Titled Tuesday Blitz"]
[Site "Chess.com"]
[Date "2021.03.02"]
[Round "6"]
[White "Kostukov_Alex"]
[Black "Kozok"]
[Result "0-1"]
[WhiteElo "2321"]
[BlackElo "2453"]
[TimeControl "180+1"]
[EndTime "11:08:26 PST"]
[Termination "Kozok won on time"]

1. g3 d5 2. Bg2 Nf6 3. d3 Bf5 4. Nc3 e6 5. e4 dxe4 6. Nxe4 Nxe4 7. dxe4 Qxd1+ 8. Kxd1 Bg6 9. Be3 Nc6 10. c3 O-O-O+ 11.
Ke2 e5 12. f3 f6 13. Nh3 Bf7 14. b3 Ba3 15. Bc1 Bc5 16. Be3 Ba3 17. Bc1 Be7 18. Nf2 h5 19. h4 a5 20. Be3 b5 21. Nd3 a4 22. Rab1 a3 23. Nc5 Nd4+ 24. cxd4 exd4 25. Bh3+ Kb8 26. Nd7+ Rxd7 27. Bxd7 dxe3 28. Kxe3 b4 29.
Rbc1 Rd8 30. Rhd1 Bd6 31. Bb5 c5 32. f4 Kc7 33. Ke2 g5 34. e5 fxe5 35. fxe5 Be7 36.
Rxd8 Kxd8 37. Bc4 Bg6 38. hxg5 Bxg5 39. Rd1+ Ke7 40. Rd6 Bb1 41. Rc6 Bxa2 42. Rxc5 Bb1 43. Ra5 a2 44. Bd3 Bc1 45. Bc4 Bb2 46. Kf3 a1=Q 47.
Rxa1 Bxa1 48. g4 hxg4+ 49. Kxg4 Bxe5 50. Kf3 Bd4 51. Ke2 Kd6 52. Kd2 Ke5 53. Kc1 Be4 54. Be2 Kf4 55. Bd1 Ke3 56. Bh5 Bd5 57. Kc2 Bc3 58. Bd1 Be4+ 59. Kc1 Bd2+ 60. Kb2 Kd4 61. Bh5 Bf4 0-1

[Event "*** Titled Tuesday Blitz"]
[Site "Chess.com"]
[Date "2021.03.02"]
[Round "6"]
[White "onetowin"]
[Black "publicaccountcze"]
[Result "1-0"]
[WhiteElo "2142"]
[BlackElo "2198"]
[TimeControl "180+1"]
[EndTime "11:08:28 PST"]
[Termination "onetowin won by checkmate"]

1. d4 d5 2. Nf3 e6 3. g3 c5 4. Bg2 Nc6 5. c4 Nf6 6. O-O dxc4 7. Qa4 Bd7 8. Qxc4 cxd4 9. Nxd4 Nxd4 10. Qxd4 Bc6 11. Bxc6+ bxc6 12. Qxd8+ Rxd8 13. Nc3 Bb4 14. Bg5 Bxc3 15. bxc3 Ke7 16. Rfd1 h6 17. Bxf6+ Kxf6 18. Kg2 Ke7 19. f4 Rxd1 20. Rxd1 Rb8 21. Rd2 Rb5 22.
e4 Ra5 23. Kf3 Ra3 24. Rc2 Kd6 25. Ke3 Kc5 26. Kd3 Kb6 27. Rb2+ Kc7 28. Kd4 c5+ 29. Kd3 Kc6 30. Kc4 Ra4+ 31. Kd3 a6 32. Ke3 Ra3 33.
Kd3 Ra4 34. Ke3 Ra5 35. Kd3 Rb5 36. Rxb5 Kxb5 37. e5 a5 38. g4 c4+ 39. Kd4 f6 40. h4 fxe5+ 41. Kxe5 Ka4 42. Kxe6 Ka3 43. g5 hxg5 44.
hxg5 Kxa2 45. f5 a4 46. f6 gxf6 47. gxf6 a3 48. f7 Kb2 49. f8=Q a2 50. Qb8+ Ka1 51. Qa7 Kb2 52. Qb6+ Kc1 53. Qa5 Kb2 54. Qb4+ Kc1 55.
Qa3+ Kb1 56. Kd5 a1=Q 57. Qxa1+ Kxa1 58. Kxc4 Kb2 59. Kd4 Kb3 60. c4 Kb4 61. Kd5 Ka5 62. c5 Ka6 63. Kd6 Kb7 64. c6+ Kc8 65. c7 Kb7 66. Kd7 Ka7 67. c8=Q Kb6 68. Qc4 Kb7 69. Qc5 Kb8 70. Qc6 Ka7 71. Qb5 Ka8 72. Kc7 Ka7 73.
Qb7# 1-0